nht, chaotic female elven Wizard ------- |.....| ##....... # |.....| ##|.....| ##|<....| ##----+-- #` @# ) # # # ---------k ....I...|# |......%|# |\(.....%# --------- nht the Conjurer Experience level: 4 Strength: 10 Dexterity: 14 Constitution: 14 Intelligence: 20 Wisdom: 7 Charisma: 11 Health: 0(23) Energy: 35(35) Def: 2 Gold: 439 Moves: 849 Dungeon seed: zxiJ4nHrg37BjPzh Game ID: nht_1430678301 Your Inventory: Coins $ - 439 gold pieces Weapons a - a blessed +1 quarterstaff (weapon in hands) D - 10 +0 darts Armor e - an uncursed +0 cloak of magic resistance (being worn) y - a cursed -1 pair of water walking boots (being worn) z - a cursed -3 pair of fumble boots N - an uncursed +0 pair of kicking boots Y - an uncursed +0 elven leather helm (being worn) Comestibles w - 3 uncursed food rations A - an uncursed carrot F - an uncursed tripe ration I - an uncursed eucalyptus leaf Scrolls i - a blessed scroll of identify j - an uncursed scroll of identify k - a blessed scroll of light u - an uncursed scroll of teleportation Spellbooks l - a blessed spellbook of force bolt m - a blessed spellbook of magic missile n - an uncursed spellbook of identify s - an uncursed spellbook of confuse monster v - an uncursed spellbook of magic missile Potions f - an uncursed potion of gain energy g - an uncursed potion of restore ability h - an uncursed potion of enlightenment r - a blessed potion of extra healing G - an uncursed potion of healing Rings c - an uncursed ring of protection from shape changers d - an uncursed ring of teleportation x - a cursed ring of teleportation H - an uncursed ring of searching Wands b - a wand of light (0:14) t - a wand of polymorph (0:5) C - a wand of lightning (0:3) Tools o - a magic marker (0:96) p - an uncursed wooden flute B - an uncursed tallow candle (0:200) E - 4 blessed wax candles (0:400) Gems q - an uncursed worthless piece of black glass Spells known in the end: Name Level Category Fail Memory a - force bolt 1 attack 0% 96% b - magic missile 2 attack 0% 96% c - identify 3 divination 71% 96% Your skills at the end: Fighting Skills Weapon Skills quarterstaff [Basic] Spellcasting Skills attack spells [Basic] enchantment spells [Basic] Final Attributes: You were piously aligned. You were sleep resistant. You were magic-protected. You were confused. You had infravision. You could walk on water. You were lucky. You are dead. Vanquished creatures: a small mimic a bugbear a gnome lord a dwarf a hobbit a large kobold 2 hobgoblins 3 gnomes 2 jackals a fox a kobold 2 goblins 3 grid bugs a kobold zombie 2 newts 23 creatures vanquished. Voluntary challenges: You followed a strict vegan diet. You were an atheist. You used a wielded weapon 37 times, starting on turn 172. You read items or engraved 2 times, starting on turn 244. You never genocided any monsters. You never polymorphed an object. You never changed form. You used no wishes. You never split a pudding. You wrote Elbereth's name 1 time, starting on turn 654. You never violated your personal moral code. Dungeon overview: The Dungeons of Doom: levels 1 to 5 Level 1 a long staircase Level 2 an armor shop Level 3 stairs to The Gnomish Mines Level 4 a sink Level 5 <- You were here a throne The Gnomish Mines: Level 4 stairs to The Dungeons of Doom History has recorded: On T:1 you entered the Dungeons of Doom to retrieve the Amulet of Yendor! On T:249 you reached level 2 of The Dungeons of Doom. On T:301 you reached level 3 of The Dungeons of Doom. On T:435 you advanced to experience level 2. On T:521 you advanced to experience level 3. On T:638 you reached level 1 of The Gnomish Mines. On T:656 you advanced to experience level 4. On T:685 you reached level 4 of The Dungeons of Doom. On T:809 you reached level 5 of The Dungeons of Doom. Score breakdown: Gold: 439 ( 8992 points) Experience: 4 levels ( 9649 points) Exploration: 5 levels ( 10.20%) ( 8660 points) Discoveries: 3 items ( 1.08%) ( 3122 points) Valuables value: (no points given unless you survive) Artifact value: 0 ( 0 points) Variety of kills: 15 monsters ( 3.96%) ( 5968 points) Time penalty: 849 turns ( 0 points) Survival: died (score multiplied by 80%) Total score: 29112 Latest messages: The large kobold throws a dart! You are hit by a dart. You die... Final status: Goodbye nht the Wizard, killed by a dart... You died in The Dungeons of Doom on dungeon level 5 with 29112 points, and 439 pieces of gold, after 849 moves. You were level 4 with a maximum of 23 hit points when you died.